 Dungeon Crawl Stone Soup version 0.30-a0-1094-g860fb061e7 (webtiles) character file.

Game seed: 7743175222510106389

4 BlueFish the Grasshopper (level 1, -1/14 HPs)
             Began as an Octopode Warper on Apr 17, 2023.
             Slain by a goblin
             ... wielding a +0 club
              (4 damage)
             ... on level 1 of the Dungeon.
             The game lasted 00:00:19 (65 turns).

BlueFish the Grasshopper (Octopode Warper)            Turns: 65, Time: 00:00:20

Health: -1/14      AC:  1    Str: 10    XL:     1   Next: 60%
Magic:  3/3        EV: 10    Int: 15    God:
Gold:   0          SH:  0    Dex: 11    Spells: 4/4 levels left

rFire   . . .      SeeInvis .    a - +0 mace
rCold   . . .      Faith    .    (no shield)
rNeg    . . .      Spirit   .    (helmet restricted)
rPois   .          Reflect  .    (no amulet)
rElec   .          Rampage  .    (no ring)
rCorr   .                        (no ring)
Will    .....                    (no ring)
Stlth   ++                       (no ring)
HPRegen 0.22/turn                (no ring)
MPRegen 0.08/turn                (no ring)
                                 (no ring)
                                 (no ring)

@: constricted
A: almost no armour, amphibious, 8 rings, camouflage 1, gelatinous body 1,
(nimble swimmer 1), tentacles
a: no special abilities


You were on level 1 of the Dungeon.
You visited 1 branch of the dungeon, and saw 1 of its levels.

Inventory:

Hand Weapons
 a - a +0 mace (weapon)
Missiles
 c - 7 boomerangs of dispersal (quivered)
 d - 5 stones
 e - 6 boomerangs
Scrolls
 b - a scroll of blinking
 f - a scroll of poison {unknown}


   Skills:
 + Level 2.0 Fighting
 + Level 2.0 Maces & Flails
 + Level 1.0 Throwing
 + Level 2.4 Dodging
 * Level 0.6 Stealth
 + Level 2.0 Spellcasting
 + Level 3.0 Translocations


You had 4 spell levels left.
You didn't know any spells.
Your spell library contained the following spells:

 Spells                   Type           Power      Damage    Failure   Level
 Blink                    Tloc           20%        N/A       10%         2
 Lesser Beckoning         Tloc           20%        N/A       10%         2
 Teleport Other           Tloc           10%        N/A       19%         3
 Vhi's Electric Charge    Tloc/Air       12%        N/A       34%         3
 Manifold Assault         Tloc           10%        N/A       54%         4


Dungeon Overview and Level Annotations

Branches:
Dungeon (1/15)

Altars:


Innate Abilities, Weirdness & Mutations

You cannot wear most types of armour.
You are amphibious.
You can wear up to eight rings at the same time.
Your skin changes colour to match your surroundings (Stealth+).
Your rubbery body absorbs attacks. (AC +1, EV +1)
((You are camouflaged when in or above water. (Stealth+)))
You have tentacles for arms and can constrict up to eight enemies at once.


Message History

d - 5 stones HP restored.
Found a stone staircase leading down.
e - 6 boomerangs
Found 16 gold pieces.
Found a helmet and a moonstone ring.
f - a scroll labelled XUCWON KOYRA A quokka comes into view.
Found 12 gold pieces.
A ball python comes into view.
The quokka misses you.
You closely miss the quokka. You grab the quokka. You constrict the quokka.
The quokka bites you. The quokka barely misses you.
You hit the quokka.
The quokka is severely wounded.
You constrict the quokka.
You kill the quokka!
A frilled lizard and a goblin come into view.
Found 8 gold pieces and a viscous coppery potion.
The goblin shouts!
You hear an angry hiss.
You see here 7 gold pieces.
A frilled lizard comes into view.
You see here 9 gold pieces.
A bat comes into view.
The bat misses you. The bat barely misses you.
You barely miss the bat. You grab the bat. Your squeeze misses the bat.
You constrict the bat. The bat hits you but does no damage.
The bat struggles to escape constriction.
The bat escapes!
The goblin hits you with a +0 club.
You completely miss the ball python. Your grab misses the ball python.
The bat hits you. The ball python bites you. The ball python barely misses you.
The goblin hits you with a +0 club.
* * * LOW HITPOINT WARNING * * *
The ball python completely misses you. The ball python misses you.
You barely miss the goblin. Your grab misses the goblin.
The bat closely misses you. The ball python bites you.
* * * LOW HITPOINT WARNING * * *
The ball python grabs you. The ball python constricts you.
The goblin hits you with a +0 club.
You die...

...## #.# #.....### #..
.........# .. #..........##.#
l..#...........#
...........b...##..
#.............=.#.#. ###
#..........S@.........#<#####
#...........g...[.....#.##...
#..$..................#.#....
P#............>.......##.##...
#P.........#...####.#.#>..'...
P......$...##.......#.#####...
.$.....$...##.#....##.........
..............................
#.............#....##.........


You could see a goblin, a bat and a ball python.

Vanquished Creatures
  A bat (D:1)
  A hobgoblin (D:1)
  A quokka (D:1)
3 creatures vanquished.

Notes
Turn   | Place    | Note
-------+----------+-------------------------------------------
     0 | D:1      | BlueFish the Octopode Warper began the quest for the Orb.
     0 | D:1      | Reached XP level 1. HP: 14/14 MP: 3/3
    65 | D:1      | Slain by a goblin

Illustrated notes

Levels and vault maps discovered:
D:1:      amcnicky_arrival_choice, layout_rooms,
          shapermc_ecumenical_altar_rom_forum, chequers_serial_rivers_micro_a

Action                     || total
---------------------------++-------
  Melee: Mace              ||     9
         Constrict         ||     2
   Stab: Sleeping          ||     2
 Armour: Skin              ||     1
  Dodge: Dodged            ||     9

Table legend: (Time is in decaauts)
 A = Elapsed time spent in this place.
 B = Non-inter-level travel time spent in this place.
 C = Inter-level travel time spent in this place.
 D = Time resting spent in this place.
 E = Time spent auto-exploring this place.
 F = Levels seen in this place.
 G = Mean time per level.
                   A        B        C        D        E       F      G
               +--------+--------+--------+--------+--------+-----+--------+
         Total |     67 |     67 |      0 |      0 |     23 |   1 |   67.0 |
       Dungeon |     67 |     67 |      0 |      0 |     23 |   1 |   67.0 |
               +--------+--------+--------+--------+--------+-----+--------+

Top non-repeatable levels by time:
     D:1: 67 daAuts
